 Dungeon Crawl Stone Soup version 0.21-a0-142-gdd972a7 (webtiles) character file.

2848 tilp the Arsonist (level 9, -3/75 HPs)
             Began as a Hill Orc Fire Elementalist on July 22, 2017.
             Slain by a hog (11 damage)
             ... on level 7 of the Dungeon.
             The game lasted 00:26:08 (9643 turns).

tilp the Arsonist (Hill Orc Fire Elementalist)      Turns: 9643, Time: 00:26:09

Health: -3/75      AC:  5    Str:  6    XL:     9   Next: 74%
Magic:  5/12       EV: 13    Int: 18    God:
Gold:   401        SH:  0    Dex: 11    Spells: 2/12 levels left

rFire    + . .     SeeInvis .   a - +7 mace of Asud Zux {freeze, rElec rN+ Str-3 Stlth+}
rCold    . . .     Gourm    .   (no shield)
rNeg     + . .     Faith    .   v - +0 leather armour (curse)
rPois    .         Spirit   .   (no helmet)
rElec    +         Reflect  .   J - +0 cloak
rCorr    .         Harm     .   D - +0 pair of gloves
MR       .....     Clarity  +   (no boots)
Stlth    ++........             (no amulet)
HPRegen  0.22/turn              (no ring)
MPRegen  0.13/turn              (no ring)

@: no status effects
A: blink, clarity, fire resistance 1, weak 1, subdued magic 1, sturdy frame 1
a: Blink


You were on level 7 of the Dungeon.
You were very hungry.

You visited 2 branches of the dungeon, and saw 8 of its levels.

You collected 401 gold pieces.

Inventory:

Hand Weapons
 a - the +7 mace of Asud Zux (weapon) {freeze, rElec rN+ Str-3 Stlth+}
   (You found it on level 6 of the Dungeon)

   It has been specially enchanted to freeze those struck by it, causing extra
   injury to most foes and up to half again as much damage against particularly
   susceptible opponents.
   It can also slow down cold-blooded creatures.
   It affects your strength (-3).
   It insulates you from electricity.
   It protects you from negative energy.
   It makes you more stealthy.
 j - a +1 short sword of holy wrath
 k - a +3 mace
 C - a +1 long sword of electrocution
 K - a +1 dire flail of protection
 L - a +0 great mace
Missiles
 g - 264 stones
 F - 4 javelins (quivered)
Armour
 v - a cursed +0 leather armour (worn)
 D - a +0 pair of gloves (worn)
 J - a +0 cloak (worn)
Jewellery
 d - an uncursed ring of protection from cold {unknown}
 i - an uncursed ring of positive energy {unknown}
 n - an uncursed ring of wizardry {unknown}
 s - an uncursed ring of wizardry {unknown}
 u - a cursed amulet of inaccuracy {unknown}
 x - an uncursed ring of fire {unknown}
 G - an uncursed ring of flight {unknown}
Wands
 r - a wand of confusion (17/48)
 t - a wand of polymorph (7/24)
 z - a wand of polymorph (9/24)
Scrolls
 f - a scroll of immolation {unknown}
 h - 3 scrolls of teleportation {unknown}
 l - 3 scrolls of identify {unknown}
 m - a scroll of fog {unknown}
 q - 4 scrolls of recharging {unknown}
 w - 4 scrolls of remove curse {unknown}
 y - 2 scrolls of enchant armour {unknown}
 B - 2 scrolls of magic mapping {unknown}
 E - 2 scrolls of fear {unknown}
 H - a scroll of random uselessness {unknown}
Potions
 e - a potion of curing
 p - 2 potions of flight {unknown}
 A - a potion of ambrosia {unknown}
 I - a potion of invisibility
 M - a potion of might
 N - a potion of resistance {unknown}
Books
 b - a book of Flames

   Spells                             Type                      Level
   a - Flame Tongue                   Conjuration/Fire             1
   b - Throw Flame                    Conjuration/Fire             2
   c - Conjure Flame                  Conjuration/Fire             3
   d - Inner Flame                    Hexes/Fire                   3
   e - Sticky Flame                   Conjuration/Fire             4
   f - Fireball                       Conjuration/Fire             5
Comestibles
 c - 5 bread rations
 o - 2 fruits
 O - 3 chunks of flesh


   Skills:
 + Level 6.1 Fighting
 + Level 4.7 Dodging
 - Level 1.5 Stealth
 - Level 2.0 Spellcasting
 * Level 7.4 Conjurations
 + Level 8.8 Fire Magic


You had 2 spell levels left.
You knew the following spells:

 Your Spells              Type           Power        Failure   Level  Hunger
a - Flame Tongue          Conj/Fire      ###..        1%          1    #......
b - Throw Flame           Conj/Fire      ###...       1%          2    ###....
c - Conjure Flame         Conj/Fire      ###.....     1%          3    ###....
d - Sticky Flame          Conj/Fire      ###.....     5%          4    #####..


Dungeon Overview and Level Annotations

Branches:
Dungeon (7/15)             Temple (1/1) D:5

Altars:
Ashenzari
Cheibriados
Dithmenos
Elyvilon
Fedhas
Gozag
Kikubaaqudgha
Nemelex Xobeh
Sif Muna
Trog
Uskayaw
Xom
Yredelemnul
Zin

Annotations:
D:6 wazuzu's ghost, novice DsWz


Innate Abilities, Weirdness & Mutations

You can translocate small distances at will.
You possess an exceptional clarity of mind.
Your flesh is heat resistant. (rF+)
You are weak. (Str -2)
Your spells are a little easier to cast, but a little less powerful.
Your movements are slightly less encumbered by armour. (ER -2)


Message History

The hog is covered in liquid flames!
The hog burns!
You kill the hog!
The hog bites you but does no damage.
Casting: Sticky Flame
Confirm with . or Enter, or press ? or * to list all spells.
Aiming: Sticky Flame
Press: ? - help, Shift-Dir - straight line, f - hog
Aim: a hog The sticky flame hits the hog.
The hog is lightly wounded.
The hog is covered in liquid flames!
You are feeling very hungry.
The hog burns!
The hog barely misses you.
The hog burns!
The hog burns!
The hog closely misses you.
Found a scroll labeled GAKHLU GISKUT.
The hog burns!
The hog burns!
The hog burns!
The hog bites you!
You die...

.# #..# .#
#..# .#
#..# .#
#..# .#
#..#######
.#
#..†.....#
.#
##.######p#
.# ##..#
#h# .#
#...# #@#
.# #####h##
#.# .#
#..#..# #.#
####### .#
#..#..# #.#
#...... .#
#..'..# #?#
#..#### .#
#..#.%# #.#
#[.# ##
#..#%%# #.#
#..#
####### #.#
#..#
########..#


You could see a hog (burning) and a human.

Vanquished Creatures
  Eustachio (D:6)
  3 hogs (D:7)
  Menkaure (D:6)
  Duvessa (D:6)
  A sky beast (D:7)
  A hornet zombie (D:6)
  2 phantoms
  2 ogres
  2 centaurs
  A big kobold (D:5)
  Blork the orc (D:5)
  4 bullfrogs
  Dowan (D:6)
  3 wights
  A howler monkey (D:6)
  4 crimson imps
  2 orc priests
  3 hounds
  2 jellies
  Crazy Yiuf (D:6)
  A bullfrog skeleton (D:4)
  2 iguanas (D:5)
  An orc wizard (D:4)
  5 worker ants
  A hound zombie (D:7)
  4 gnolls (D:7)
  A howler monkey skeleton (D:5)
  4 adders
  5 worms
  3 dart slugs
  A leopard gecko (D:4)
  9 orcs
  5 bats
  4 giant cockroaches
  7 goblins
  9 hobgoblins
  7 jackals
  4 quokkas
  3 ball pythons
  4 frilled lizards
  15 kobolds
  2 leopard gecko skeletons
  A leopard gecko zombie (D:6)
  A quokka skeleton (D:6)
  4 rats
140 creatures vanquished.

Notes
Turn   | Place    | Note
-------+----------+-------------------------------------------
     0 | D:1      | tilp the Hill Orc Fire Elementalist began the quest for the Orb.
     0 | D:1      | Reached XP level 1. HP: 14/14 MP: 3/3
   156 | D:1      | Reached XP level 2. HP: 11/20 MP: 1/5
   859 | D:2      | Reached XP level 3. HP: 24/26 MP: 4/6
   863 | D:2      | Learned a level 2 spell: Throw Flame
   870 | D:2      | Learned a level 3 spell: Conjure Flame
  1854 | D:3      | Reached XP level 4. HP: 31/33 MP: 7/7
  2349 | D:3      | Reached skill level 4 in Fire Magic
  2750 | D:4      | HP: 2/49 [poisoned by a worker ant]
  2752 | D:4      | Gained mutation: You are weak. (Str -2) [potion of mutation]
  2752 | D:4      | Gained mutation: Your flesh is heat resistant. (rF+) [potion of mutation]
  2880 | D:4      | Reached XP level 5. HP: 30/38 MP: 1/8
  3021 | D:4      | Reached skill level 1 in Fighting
  3304 | D:4      | Reached XP level 6. HP: 11/47 MP: 4/9
  3732 | D:4      | Reached skill level 5 in Fire Magic
  3809 | D:4      | Found a hide-covered altar of Uskayaw.
  3816 | D:4      | Found a sparkling altar of Nemelex Xobeh.
  3940 | D:5      | Entered Level 5 of the Dungeon
  4350 | D:5      | Noticed Blork the orc
  4422 | D:5      | Reached XP level 7. HP: 14/55 MP: 10/10
  4986 | D:5      | Reached skill level 5 in Conjurations
  5054 | D:5      | Found a white marble altar of Elyvilon.
  5425 | D:5      | Found a staircase to the Ecumenical Temple.
  5432 | Temple   | Entered the Ecumenical Temple
  5911 | D:5      | Killed Blork the orc
  5911 | D:5      | Reached skill level 6 in Fire Magic
  6113 | D:6      | Reached XP level 8. HP: 21/63 MP: 6/11
  6612 | D:6      | Reached skill level 7 in Fire Magic
  6728 | D:5      | Learned a level 4 spell: Sticky Flame
  6788 | D:6      | Noticed Eustachio
  6788 | D:6      | Noticed Duvessa
  6804 | D:6      | Killed Eustachio
  6833 | D:5      | HP: 1/67 [ogre/giant club (13)]
  7296 | D:6      | Noticed Dowan
  7374 | D:6      | Reached skill level 5 in Fighting
  7374 | D:6      | Reached XP level 9. HP: 67/74 MP: 12/12
  7467 | D:6      | Noticed wazuzu's ghost (novice DsWz)
  7628 | D:6      | Killed Duvessa
  7628 | D:6      | Reached skill level 8 in Fire Magic
  7801 | D:6      | Killed Dowan
  7837 | D:6      | Found a runed door.
  7841 | D:6      | Noticed Crazy Yiuf
  7851 | D:6      | Killed Crazy Yiuf
  7954 | D:6      | Got a translucent mace
  7955 | D:6      | Identified the +7 mace of Asud Zux {freeze, rElec rN+ Str-3 Stlth+} (You found it on level 6 of the Dungeon)
  8114 | D:6      | Noticed Menkaure
  8926 | D:6      | Killed Menkaure
  9117 | D:7      | Found a basalt altar of Yredelemnul.
  9196 | D:7      | Gained mutation: You possess an exceptional clarity of mind. [mutagenic meat]
  9197 | D:7      | Gained mutation: You can translocate small distances at will. [mutagenic meat]
  9198 | D:7      | Gained mutation: You are somewhat resistant to further mutation. [mutagenic meat]
  9199 | D:7      | Lost mutation: You are somewhat resistant to further mutation. [mutagenic meat]
  9200 | D:7      | Gained mutation: Your movements are slightly less encumbered by armour. (ER -2) [mutagenic meat]
  9201 | D:7      | Gained mutation: Your spells are a little easier to cast, but a little less powerful. [mutagenic meat]
  9465 | D:7      | Found a basalt altar of Yredelemnul.
  9643 | D:7      | Slain by a hog

Vault maps used:
D:1:      elethiomel_arrival_infinity_welcomes_careful_drivers
D:2:      first_bread, grunt_decor_mini_mirrors
D:4:      minitemple
D:5:      old_standard_altar, temple_fountains, uniq_blork_the_orc
D:6:      uniq_menkaure, uniq_crazy_yiuf_cottage, uniq_eustachio, uniq_duvessa
D:7:      lemuel_crystal_altar, basic_altar, grunt_livestock
Temple:   dpeg_chambers_temple

Skill      XL: |  1  2  3  4  5  6  7  8  9 |
---------------+----------------------------+-----
Spellcasting   | 2 |  2.0
Conjurations   | 2 3 4 5 6 7 |  7.4
Fire Magic     | 4 5 6 7 8 |  8.8
Fighting       | 1 2 3 5 6 |  6.1
Dodging        | 2 3 4 |  4.7
Stealth        | |  1.5

Action                   |  1- 3 |  4- 6 |  7- 9 || total
-------------------------+-------+-------+-------++-------
Melee: Dagger            |     9 |       |       ||     9
       Short sword       |    95 |     3 |       ||    98
       Long sword        |       |    97 |    50 ||   147
       Mace              |       |       |    80 ||    80
Throw: Javelin           |       |     2 |       ||     2
 Cast: Flame Tongue      |    42 |    48 |   106 ||   196
       Throw Flame       |       |     8 |     6 ||    14
       Conjure Flame     |       |     4 |    13 ||    17
       Sticky Flame      |       |       |    10 ||    10
Evoke: Wand              |       |       |     1 ||     1
  Use: Potion            |       |     7 |       ||     7
 Stab: Sleeping          |     1 |     1 |     1 ||     3
  Eat: Chunk             |     4 |     4 |    10 ||    18
       Meat ration       |       |     2 |     2 ||     4
       Fruit             |       |       |     3 ||     3
Armor: Robe              |    19 |    23 |       ||    42
       Skin              |       |    11 |       ||    11
       Leather armour    |       |     3 |    50 ||    53
Dodge: Dodged            |    80 |    83 |   117 ||   280
       Rpst.: Long sword |       |    21 |     5 ||    26
